 Dungeon Crawl Stone Soup version 0.29-a0-464-g50448035db (webtiles) character file.

Game seed: 18058389480227421142

837 Bruhh the Fighter (level 7, -8/133 HPs)
             Began as an Ogre Fighter on May 20, 2022.
             Killed by divine providence
             ... invoked by an orc priest
              (14 damage)
             ... on level 5 of the Dungeon.
             The game lasted 00:03:57 (4873 turns).

Bruhh the Fighter (Ogre Fighter)                    Turns: 4873, Time: 00:03:58

Health: -8/133     AC:  3    Str: 23    XL:     7   Next: 99%
Magic:  7/7        EV: 12    Int:  9    God:
Gold:   258        SH:  7    Dex:  8    Spells: 6/6 levels left

rFire   + . .      SeeInvis .   a - +0 war axe
rCold   + . .      Faith    .   c - +0 kite shield
rNeg    . . .      Spirit   .   b - +0 robe
rPois   +          Reflect  .   (helmet restricted)
rElec   +          Harm     .   (no cloak)
rCorr   +          Rampage  .   (gloves unavailable)
Will    +....                   (boots unavailable)
Stlth   ..........              (no amulet)
HPRegen 0.32/turn               g - +4 ring of evasion
MPRegen 0.10/turn               x - ring of willpower

@: berserking (expiring), resistant, very quick
A: large, unfitting armour, tough skin 1
a: no special abilities


You were on level 5 of the Dungeon.
You visited 1 branch of the dungeon, and saw 5 of its levels.

You collected 258 gold pieces.

Inventory:

Hand Weapons
 a - a +0 war axe (weapon)
Missiles
 d - 4 large rocks (quivered)
 v - a throwing net
Armour
 b - a +0 robe (worn)
 c - a +0 kite shield (worn)
Jewellery
 g - a +4 ring of evasion (left hand)
 x - a ring of willpower (right hand)
 y - a ring of willpower
Wands
 t - a wand of flame (36)
Scrolls
 f - a scroll of fog {unknown}
 h - a scroll of summoning {unknown}
 i - 5 scrolls of identify {unknown}
 j - a scroll of fear {unknown}
 p - a scroll of noise {unknown}
 q - 3 scrolls of vulnerability {unknown}
 r - 3 scrolls of teleportation {unknown}
 s - 2 scrolls of silence {unknown}
 u - 2 scrolls of amnesia {unknown}
 z - a scroll of blinking {unknown}
Potions
 k - a potion of curing {unknown}
 l - a potion of invisibility {unknown}
 n - a potion of degeneration {unknown}
 o - a potion of flight {unknown}
 w - a potion of lignification {unknown}


   Skills:
 + Level 11.9 Fighting
 - Level 2.0 Axes
 - Level 2.6 Dodging
 - Level 3.0 Shields


You had 6 spell levels left.
You didn't know any spells.
Your spell library contained the following spells:

 Spells                   Type           Power      Damage    Failure   Level
 Sandblast                Erth           0%         2d4       67%         1
 Passwall                 Tmut/Erth      0%         N/A       82%         2
 Ozocubu's Armour         Ice            0%         N/A       96%         3
 Stone Arrow              Conj/Erth      0%         3d7       96%         3
 Animate Dead             Necr           0%         N/A       100%        4
 Haunt                    Necr/Summ      0%         N/A       100%        7
 Ozocubu's Refrigeration  Ice            0%         4d5       100%        7
 Infestation              Necr           0%         N/A       100%        8


Dungeon Overview and Level Annotations

Branches:
Dungeon (5/15)             Temple (0/1) D:5

Altars:
Elyvilon
The Shining One

Shops:
D:4 ?


Innate Abilities, Weirdness & Mutations

You are too large for most types of armour.
You have tough skin. (AC +1)


Message History

You barely miss the orc priest.
The orc priest is moderately wounded.
You hit the orc priest.
The orc priest looks encouraged for a moment.
The orc priest begins to cast a cantrip, but forgets the words!
The orc priest mumbles some strange prayers to Beogh against you.
You easily resist.
The orc priest mumbles some strange prayers to Beogh against you.
Pain shoots through your body!
* * * LOW HITPOINT WARNING * * *
It was a potion of resistance.
You feel protected.
The orc priest hits you with a +0 hand axe.
* * * LOW HITPOINT WARNING * * *
The orc priest miscasts a cantrip.
It was a potion of berserk rage.
A red film seems to cover your vision as you go berserk!
You feel yourself moving faster!
You feel mighty! You block the orc priest's attack.
The orc priest invokes the aid of Beogh against you.
Beogh smites you!
* * * LOW HITPOINT WARNING * * *
The orc priest calls upon Beogh to heal the orc priest.
The orc priest's wounds heal themselves!
You barely miss the orc priest. You slash the orc priest!
The orc priest invokes the aid of Beogh against you.
Beogh smites you!
* * * LOW HITPOINT WARNING * * *
The orc priest hits you with a +0 hand axe!
* * * LOW HITPOINT WARNING * * *
You block the orc priest's attack.
You slash the orc priest!
You kill the orc priest!
You slash the orc priest!
You kill the orc priest!
You see here a +0 dagger.
You feel a strong urge to attack something.
The orc priest invokes the aid of Beogh against you.
Beogh smites you!
You die...

...#
#####'##
...# #.#
...# #.#
...#
##.########
...
#..........
#.#
#..#########
#
#.))........
##)#########
#@o..#
#.##.# #(. #
#.## #(# #(.
#.# ..#


You could see an orc priest.

Vanquished Creatures
  A sky beast (D:4)
  3 ogres
  2 scorpions
  A necrophage (D:4)
  2 orc priests (D:5)
  A hound (D:5)
  An iguana (D:5)
  2 orc wizards
  3 gnolls (D:4)
  2 adders (D:2)
  An ufetubus (D:4)
  A worm (D:2)
  A dart slug (D:1)
  11 orcs
  6 bats
  10 endoplasms
  5 giant cockroaches
  12 goblins
  5 hobgoblins
  4 jackals (D:1)
  3 quokkas
  7 ball pythons
  2 frilled lizards
  7 kobolds
  8 rats
101 creatures vanquished.

Notes
Turn   | Place    | Note
-------+----------+-------------------------------------------
     0 | D:1      | Bruhh the Ogre Fighter began the quest for the Orb.
     0 | D:1      | Reached XP level 1. HP: 24/24 MP: 1/1
   273 | D:1      | Reached XP level 2. HP: 32/33 MP: 2/2
   325 | D:1      | Reached skill level 5 in Fighting
   680 | D:1      | Reached XP level 3. HP: 42/42 MP: 3/3
   728 | D:1      | Found a faded altar of an unknown god.
  1054 | D:2      | Reached skill level 6 in Fighting
  1315 | D:2      | Reached XP level 4. HP: 44/53 MP: 4/4
  1919 | D:3      | Found a white marble altar of Elyvilon.
  2128 | D:3      | Noticed an ogre
  2140 | D:3      | Killed an ogre
  2141 | D:3      | Reached skill level 7 in Fighting
  2141 | D:3      | Reached XP level 5. HP: 59/63 MP: 5/5
  2193 | D:3      | Reached skill level 8 in Fighting
  2225 | D:3      | Found a glowing golden altar of the Shining One.
  3045 | D:4      | Reached XP level 6. HP: 60/74 MP: 6/6
  3161 | D:4      | Reached skill level 9 in Fighting
  3655 | D:4      | Reached skill level 10 in Fighting
  3655 | D:4      | Reached XP level 7. HP: 85/85 MP: 7/7
  4289 | D:4      | Found Teuh's Magic Scroll Shop.
  4458 | D:5      | Entered Level 5 of the Dungeon
  4635 | D:5      | Reached skill level 11 in Fighting
  4735 | D:5      | Found a staircase to the Ecumenical Temple.
  4870 | D:5      | HP: 5/133 [orc priest/+0 hand axe (7)]
  4873 | D:5      | Killed from afar by an orc priest

Illustrated notes

Levels and vault maps discovered:
D:1:      dpeg_arrival_houses_and_road, layout_basic,
          shapermc_ecumenical_altar_mp_ritualfount, roderic_lattice_a,
          minmay_strange_pillars
D:2:      layout_loops_ring, kennysheep_generic_room_4
D:3:      layout_loops_ring, nicolae_elyvilon_peaceful_grove,
          nicolae_tso_carved_into_rock, chequers_serial_rivers_marsh,
          minmay_ogre_servants
D:4:      layout_loops_ring, serial_shops, nicolae_shop_trees,
          minmay_diced_spiral
D:5:      minmay_clustersquares, layout_basic, minmay_temple_entry_junction_2,
          serial_bayou_crossing

Skill      XL: |  1  2  3  4  5  6  7 |
---------------+----------------------+-----
Fighting       | 5 6 7 8 10 11 | 11.9
Axes           | |  2.0
Dodging        | |  2.6
Shields        | |  3.0

Action                   |  1- 3 |  4- 6 |  7- 9 || total
-------------------------+-------+-------+-------++-------
Melee: War axe           |    86 |    74 |    45 ||   205
Throw: Large rock        |       |    25 |    22 ||    47
  Use: Potion            |       |     1 |     2 ||     3
Armor: Robe              |    28 |    14 |     9 ||    51
Dodge: Dodged            |    56 |    28 |    27 ||   111
Block: Kite shield       |    41 |    20 |    20 ||    81

Table legend: (Time is in decaauts)
 A = Elapsed time spent in this place.
 B = Non-inter-level travel time spent in this place.
 C = Inter-level travel time spent in this place.
 D = Time resting spent in this place.
 E = Time spent auto-exploring this place.
 F = Levels seen in this place.
 G = Mean time per level.
                   A        B        C        D        E       F      G
               +--------+--------+--------+--------+--------+-----+--------+
         Total |   5035 |   4840 |    195 |    414 |   3718 |   5 | 1007.0 |
       Dungeon |   5035 |   4840 |    195 |    414 |   3718 |   5 | 1007.0 |
               +--------+--------+--------+--------+--------+-----+--------+

Top non-repeatable levels by time:
     D:4: 1530 daAuts
     D:3: 1154 daAuts
     D:1: 1076 daAuts
     D:2: 838 daAuts
     D:5: 435 daAuts
